 Dungeon Crawl Stone Soup version 0.19-a0-1097-g38e3b35 (webtiles) character file.

249 junb69 the Slasher (level 5, 0/41 HPs)
             Began as a Draconian Gladiator on Aug 8, 2016.
             Succumbed to an adder's poison
             ... on level 3 of the Dungeon.
             The game lasted 00:05:21 (2875 turns).

junb69 the Slasher (Draconian Gladiator)            Turns: 2875, Time: 00:05:21

Health: 0/41       AC:  5    Str: 17    XL:     5   Next: 86%
Magic:  5/5        EV: 13    Int:  9    God:
Gold:   151        SH:  0    Dex: 12    Spells: 0 memorised, 4 levels left

rFire  . . .     SeeInvis .     a - +0 long sword
rCold  . . .     Gourm    .     (armour unavailable)
rNeg   . . .     Faith    .     (no shield)
rPois  .         Spirit   .     b - +0 hat
rElec  .         Dismiss  .     (no cloak)
rCorr  .         Reflect  .     (no gloves)
SustAt .         Harm     .     (no boots)
MR     .....                    (no amulet)
Stlth  +.........               (no ring)
                                (no ring)

@: lethally poisoned (0 -> -10), flying
A: unfitting armour, cold-blooded, AC +5
a: no special abilities


You were on level 3 of the Dungeon.
You were not hungry.

You visited 1 branch of the dungeon, and saw 4 of its levels.

You collected 151 gold pieces.

Inventory:

Hand Weapons
 a - a +0 long sword (weapon)
Missiles
 c - a throwing net (quivered)
Armour
 b - a +0 hat (worn)
Scrolls
 e - 2 scrolls of identify {unknown}
 g - a scroll of fog {unknown}
 j - 2 scrolls of recharging {unknown}
 n - a scroll of remove curse {unknown}
 p - 2 scrolls of enchant armour {unknown}
 q - a scroll of magic mapping {unknown}
Potions
 i - a potion of flight
 k - a potion of lignification {unknown}
Comestibles
 d - 2 bread rations
 h - a beef jerky
 l - 4 chunks of flesh
 o - 2 fruits


   Skills:
 - Level 2.1 Fighting
 * Level 6.6 Long Blades
 - Level 1.7 Throwing
 - Level 2.6 Dodging


You had 4 spell levels left.
You didn't know any spells.

Dungeon Overview and Level Annotations

Branches:
Dungeon (4/15)
 Temple: D:4-7

Altars:


Innate Abilities, Weirdness & Mutations

Your plain brown scales are hard. (AC +5)
Your body does not fit into most forms of armour.
You are cold-blooded and may be slowed by cold attacks.


Message History

* * * LOW HITPOINT WARNING * * *
You closely miss the adder.
The adder is severely wounded.
* * * LOW HITPOINT WARNING * * *
You feel sick. The adder closely misses you.
You closely miss the adder.
The adder is severely wounded.
* * * LOW HITPOINT WARNING * * *
You feel sick. The adder bites you.
* * * LOW HITPOINT WARNING * * *
You are more poisoned.
The adder poisons you! The adder bites you.
* * * LOW HITPOINT WARNING * * *
It was a potion of flight.
You feel very buoyant.
You fly up into the air.
* * * LOW HITPOINT WARNING * * *
You feel sick. The adder bites you but does no damage.
It was a potion of cure mutation.
It has a very clean taste.
You die...

#..## #... #...# #..
#...# #######.. #....
......... #....
#.......# #.#..
+.......# #.#.รท
#.....$S############.##.
#......@#..........(.##.
#####+#.#.#############.
#.#.#.#......# ##
#.#.#.#.####.##### #
#.#.#.#.#..#.#...# #
#.#.#.#.#..#.#.#.###
#.#.#.#.#......#.##.
#####.#$#.#.##.#<..#.##.
+.....#.#.#....#...#.##.


You could see an adder.

Vanquished Creatures
  3 orc priests (D:3)
  An orc wizard (D:4)
  A worker ant (D:4)
  5 adders
  2 oozes
  3 worms (D:2)
  2 dart slugs
  A giant gecko (D:3)
  4 orcs (D:3)
  A ball python (D:3)
  2 giant cockroaches
  3 goblins
  5 hobgoblins
  2 jackals (D:1)
  A quokka (D:2)
  4 bats
  A giant newt (D:2)
  6 kobolds
  4 rats
51 creatures vanquished.

Notes
Turn   | Place    | Note
-------+----------+-------------------------------------------
     0 | D:1      | junb69 the Draconian Gladiator began the quest for the Orb.
     0 | D:1      | Reached XP level 1. HP: 17/17 MP: 1/1
    75 | D:1      | Reached XP level 2. HP: 24/24 MP: 2/2
   446 | D:1      | Reached skill level 4 in Long Blades
   819 | D:2      | Reached XP level 3. HP: 17/29 MP: 3/3
  1422 | D:2      | Reached XP level 4. HP: 35/36 MP: 4/4
  1548 | D:2      | Reached skill level 5 in Long Blades
  2068 | D:4      | Reached XP level 5. HP: 33/41 MP: 5/5
  2202 | D:4      | Reached skill level 6 in Long Blades
  2873 | D:3      | HP: 2/41 [adder (2)]
  2875 | D:3      | Succumbed to an adder's poison

Vault maps used:
D:1:      saegor_arrival_simple_c
D:2:      first_bread, serial_bayou_pond_d
D:3:      grunt_ministairs_3
D:4:      grunt_qazlal_sundering, uniq_grinder

Skill      XL: |  1  2  3  4  5 |
---------------+----------------+-----
Long Blades    | 4 5 6 |  6.6
Fighting       | |  2.1
Throwing       | |  1.7
Dodging        | |  2.6

Action                   |  1- 3 |  4- 6 || total
-------------------------+-------+-------++-------
Melee: Long sword        |   102 |    99 ||   201
       Tailslap          |    11 |     4 ||    15
Throw: Throwing net      |       |     3 ||     3
  Use: Potion            |       |     4 ||     4
  Eat: Chunk             |     2 |     4 ||     6
Armor: Skin              |    17 |    18 ||    35
Dodge: Dodged            |    57 |    43 ||   100
